 Dungeon Crawl Stone Soup version 0.28.0-53-g5a82cb258f (webtiles) character file.

Game seed: 10562298932143274431

11412 MiltankisOP the Carver (level 11, 0/81 HPs)
             Began as a Demonspawn Fighter on July 12, 2022.
             Was a Priest of Cheibriados.
             Slain by an 11-headed hydra (7 damage)
             ... on level 1 of the Lair of Beasts.
             The game lasted 00:24:51 (10971 turns).

MiltankisOP the Carver (Demonspawn Fighter)        Turns: 10971, Time: 00:24:52

Health: 0/81       AC: 13    Str: 34    XL:     11   Next: 49%
Magic:  12/17      EV: 15    Int: 18    God:    Cheibriados [***...]
Gold:   1502       SH: 11    Dex: 23    Spells: 10/10 levels left

rFire   . . .      SeeInvis +   A - +5 long sword "Yddapalo" {pain, *Rage Str+9 SInv}
rCold   . . .      Faith    .   c - +0 buckler
rNeg    . . .      Spirit   .   K - +4 ring mail
rPois   .          Reflect  +   (helmet restricted)
rElec   .          Harm     .   y - scarf {repulsion}
rCorr   .          Rampage  .   e - +0 pair of gloves {Stlth+}
Will    .....      Rage     20% i - +2 pair of boots
Stlth   +++.......              r - amulet of reflection
HPRegen 0.23/turn               (no ring)
MPRegen 0.15/turn               (no ring)

@: studying Dodging, repel missiles, very slow
A: horns 2, big brain 1, demonic magic 1
a: Renounce Religion, Bend Time, Temporal Distortion


You were on level 1 of the Lair of Beasts.
You worshipped Cheibriados.
Cheibriados was most pleased with you.
You visited 2 branches of the dungeon, and saw 13 of its levels.
You also visited: Sewer.

You collected 1502 gold pieces.

Inventory:

Hand Weapons
 a - a +0 long sword
 A - the +5 long sword "Yddapalo" (weapon) {pain, *Rage Str+9 SInv}
   (You found it on level 6 of the Dungeon)

   In the hands of one skilled in necromantic magic, it inflicts extra damage on
   living creatures.
   Str:       It affects your strength (+9).
   SInv:      It lets you see invisible.
   *Rage:     It berserks you when you make melee attacks (+20% chance).
 O - a +2 vorpal flail
Armour
 b - a +0 scale mail
 c - a +0 buckler (worn)
 e - a +0 pair of gloves of stealth (worn)
 i - a +2 pair of boots (worn)
 y - a scarf of repulsion (worn)
 H - a +3 leather armour
 K - a +4 ring mail (worn)
Jewellery
 r - an amulet of reflection (around neck)
 D - a ring of positive energy
 J - a ring of positive energy
 M - an amulet of the acrobat
 N - a +4 ring of evasion
Wands
 t - a wand of flame (30)
 C - a wand of iceblast (5)
 I - a wand of charming (6)
 L - a wand of polymorph (2)
Scrolls
 d - a scroll of blinking
 f - a scroll of fog
 h - 2 scrolls of enchant weapon
 j - 5 scrolls of teleportation
 k - 2 scrolls of vulnerability
 o - 5 scrolls of noise
 v - a scroll of enchant armour {unknown}
 w - a scroll of torment {unknown}
 x - a scroll of summoning {unknown}
 z - 2 scrolls of fear {unknown}
 G - a scroll of holy word {unknown}
Potions
 g - a potion of attraction
 l - 3 potions of ambrosia
 m - 2 potions of haste
 q - 4 potions of mutation
 s - 4 potions of curing
 u - 2 potions of flight
 E - a potion of brilliance
 F - 2 potions of resistance


   Skills:
 - Level 6.0 Fighting
 - Level 14.0 Long Blades
 - Level 2.6 Armour
 + Level 6.0 Dodging
 - Level 2.1 Stealth
 - Level 2.6 Shields
 - Level 8.3 Invocations


You had 10 spell levels left.
You didn't know any spells.
Your spell library contained the following spells:

 Spells                   Type           Power      Damage    Failure   Level
 Summon Small Mammal      Summ           0%         N/A       36%         1
 Call Canine Familiar     Summ           0%         N/A       75%         3
 Inner Flame              Hex/Fire       0%         N/A       75%         3
 Summon Guardian Golem    Hex/Summ       0%         N/A       75%         3
 Cause Fear               Hex            0%         N/A       98%         4
 Fulminant Prism          Conj/Hex       0%         3d6       98%         4
 Iskenderun's Mystic Bla  Conj/Tloc      0%         2d3       98%         4
 Lee's Rapid Deconstruct  Erth           0%         3d5*      100%        5
 Discord                  Hex            0%         N/A       100%        8


Dungeon Overview and Level Annotations

Branches:
Dungeon (12/15)            Temple (0/1) D:6            Lair (1/6) D:8
    Orc (0/2) D:9           Sewer (visited)

Altars:
Cheibriados
Fedhas
Kikubaaqudgha
Nemelex Xobeh
Qazlal
Trog
Vehumet

Shops:
D:4 =


Innate Abilities, Weirdness & Mutations

You have a pair of horns on your head.
You have an unusually large brain. (Int +2)
Spells you cast may paralyse adjacent enemies.


Message History

You block the ten-headed hydra's attack.
The ten-headed hydra bites you but does no damage.
The ten-headed hydra misses you. x2; The ten-headed hydra barely misses you.
The ten-headed hydra closely misses you.
You block the ten-headed hydra's attack.
The ten-headed hydra barely misses you.
The ten-headed hydra bites you but does no damage.
You barely miss the ten-headed hydra.
The ten-headed hydra is lightly wounded.
The ten-headed hydra completely misses you.
The ten-headed hydra bites you but does no damage. x2
You block the ten-headed hydra's attack.
The ten-headed hydra bites you!
You block the ten-headed hydra's attack.
The ten-headed hydra closely misses you.
The ten-headed hydra bites you. The ten-headed hydra barely misses you.
The ten-headed hydra bites you!
You hack one of the ten-headed hydra's heads off!
The nine-headed hydra grows two more!
You slice the 11-headed hydra!! You headbutt the 11-headed hydra.
The 11-headed hydra is moderately wounded.
You block the 11-headed hydra's attack. x2
The 11-headed hydra barely misses you.
The 11-headed hydra bites you but does no damage.
The 11-headed hydra bites you. x3; The 11-headed hydra misses you. x2
The 11-headed hydra bites you! x2
Activating: Slouch (5% risk of failure)
Press: ? - help, Dir - look around, f - activate You can feel time thicken for a moment.
You can no longer inflict damage on those overly hasty.
Cheibriados lowers the support of your attributes as your movement quickens.
The 11-headed hydra bites you!
* * * LOW HITPOINT WARNING * * *
You block the 11-headed hydra's attack. x2; The 11-headed hydra bites you!
* * * LOW HITPOINT WARNING * * *
You block the 11-headed hydra's attack.
The 11-headed hydra closely misses you. x3
The 11-headed hydra misses you.
The 11-headed hydra completely misses you.
The 11-headed hydra bites you!
You die...

......#...#.#....#.....#.#.(.....
......#.....#....#.#.............
......#..............#.#.#.......
..........#.#.##.P.#...#.........
..........#...##.....#...........
.# #.#.#.#.#.#.......
##.#...#.#.#.......
.#.#.#....#.#.#.........
.......@D...............
##.P################# #


You could see a 11-headed hydra.

Vanquished Creatures
  Erolcha (D:9)
  A hydra (Lair:1)
  A two-headed ogre (D:10)
  Pikel (D:7)
  A manticore (D:12)
  A cyclops (D:11)
  A cane toad (Lair:1)
  A komodo dragon (D:8)
  A freezing wraith (D:12)
  A troll (D:12)
  Prince Ribbit (D:8)
  3 wraiths
  13 yaks
  4 vampire mosquitoes (D:11)
  An acid dragon (D:9)
  4 water moccasins
  4 orc warriors (D:9)
  An ice beast (D:7)
  2 black bears
  A wolf (Lair:1)
  A sky beast (D:6)
  5 centaurs
  A phantom (D:4)
  2 kobold brigands
  5 scorpions
  6 bullfrogs
  A water moccasin zombie (D:5)
  4 killer bees (D:11)
  3 howler monkeys (D:11)
  2 centaur zombies
  4 hounds
  4 jellies
  6 orc priests
  A centaur skeleton (D:6)
  Jessica (D:2)
  2 iguanas
  9 orc wizards
  A hound zombie (D:4)
  A hound skeleton (D:5)
  2 howler monkey zombies
  A gnoll (D:1)
  9 adders
  4 river rats (Sewer)
  2 white imps
  3 worms
  A dart slug (D:4)
  43 orcs
  11 bats
  7 endoplasms
  4 giant cockroaches
  6 hobgoblins
  5 jackals
  18 kobolds
  6 quokkas
  13 ball pythons
  13 frilled lizards
  2 goblins
  5 rats
258 creatures vanquished.

Vanquished Creatures (others)
  3 fungi (Lair:1)
  31 plants
34 creatures vanquished.

Grand Total: 292 creatures vanquished

Notes
Turn   | Place    | Note
-------+----------+-------------------------------------------
     0 | D:1      | MiltankisOP the Demonspawn Fighter began the quest for the
                  | Orb.
     0 | D:1      | Reached XP level 1. HP: 18/18 MP: 1/1
   110 | D:1      | Reached skill level 2 in Long Blades
   110 | D:1      | Reached skill level 1 in Stealth
   110 | D:1      | Gained mutation: You have a pair of small horns on your
                  | head. [demonic ancestry]
   110 | D:1      | Reached XP level 2. HP: 5/24 MP: 2/2
   551 | D:1      | Gained mutation: Spells you cast may paralyse adjacent
                  | enemies. [demonic ancestry]
   551 | D:1      | Reached XP level 3. HP: 29/29 MP: 3/3
   766 | D:2      | HP: 1/29 [poisoned by an adder]
  1149 | D:2      | Found a snail-covered altar of Cheibriados.
  1194 | D:2      | Noticed Jessica
  1206 | D:2      | Killed Jessica
  1207 | D:2      | Reached skill level 3 in Long Blades
  1207 | D:2      | Gained mutation: You have a pair of horns on your head.
                  | [demonic ancestry]
  1207 | D:2      | Reached XP level 4. HP: 17/35 MP: 4/4
  1405 | D:2      | Found a faded altar of an unknown god.
  1689 | D:2      | Became a worshipper of Cheibriados the Contemplative
  2191 | D:3      | Reached skill level 4 in Long Blades
  2940 | D:4      | Noticed a phantom
  2948 | D:4      | Killed a phantom
  2949 | D:4      | Reached XP level 5. HP: 41/41 MP: 5/5
  2970 | D:4      | Reached * piety under Cheibriados
  2971 | D:4      | Reached skill level 5 in Long Blades
  2998 | D:4      | Noticed a black bear
  3001 | D:4      | Killed a black bear
  3002 | D:4      | Reached XP level 6. HP: 43/47 MP: 6/6
  3281 | D:4      | Reached skill level 6 in Long Blades
  3409 | D:4      | Found Lodwoadd's Jewellery Boutique.
  3503 | D:5      | Entered Level 5 of the Dungeon
  3513 | D:5      | Found a sparkling altar of Nemelex Xobeh.
  3644 | D:5      | Reached XP level 7. HP: 41/52 MP: 7/7
  3793 | D:5      | Found a glowing drain.
  3815 | D:5      | Reached skill level 7 in Long Blades
  3823 | Sewer    | Entered a sewer
  3897 | Sewer    | Reached ** piety under Cheibriados
  4257 | Sewer    | Reached *** piety under Cheibriados
  5285 | D:6      | Found a stormy altar of Qazlal.
  5426 | D:6      | Reached XP level 8. HP: 56/61 MP: 8/8
  5552 | D:6      | Found an ancient bone altar of Kikubaaqudgha.
  5552 | D:6      | Found a blossoming altar of Fedhas.
  5559 | D:6      | Reached skill level 8 in Long Blades
  5609 | D:6      | Identified the +5 long sword "Yddapalo" {pain, *Rage Str+9
                  | SInv}
  5828 | D:6      | Reached skill level 5 in Fighting
  5832 | D:6      | Reached **** piety under Cheibriados
  5905 | D:6      | Found a staircase to the Ecumenical Temple.
  6225 | D:7      | Noticed Pikel
  6234 | D:7      | Killed Pikel
  6235 | D:7      | Reached skill level 9 in Long Blades
  6237 | D:7      | Reached XP level 9. HP: 56/69 MP: 9/9
  6522 | D:7      | Reached skill level 10 in Long Blades
  6598 | D:7      | Noticed a boulder beetle
  6795 | D:8      | Found a staircase to the Lair.
  6796 | D:8      | Noticed a komodo dragon
  7225 | D:8      | Found a radiant altar of Vehumet.
  7226 | D:8      | Found a bloodstained altar of Trog.
  7245 | D:8      | Noticed Prince Ribbit
  7252 | D:8      | Killed Prince Ribbit
  7253 | D:8      | Reached skill level 11 in Long Blades
  7757 | D:9      | Noticed Erolcha
  7763 | D:9      | Killed Erolcha
  7764 | D:9      | Reached skill level 12 in Long Blades
  7764 | D:9      | Reached XP level 10. HP: 75/76 MP: 10/10
  8030 | D:9      | Reached ***** piety under Cheibriados
  8098 | D:9      | Found a staircase to the Orcish Mines.
  8297 | D:10     | Entered Level 10 of the Dungeon
  8318 | D:10     | Reached skill level 13 in Long Blades
  8765 | D:10     | Noticed a two-headed ogre
  8781 | D:10     | Killed a two-headed ogre
  9153 | D:11     | Reached skill level 14 in Long Blades
  9153 | D:11     | Reached skill level 1 in Invocations
  9170 | D:11     | Reached skill level 5 in Invocations
  9325 | D:11     | Gained mutation: You have an unusually large brain. (Int
                  | +2) [demonic ancestry]
  9325 | D:11     | Reached XP level 11. HP: 70/81 MP: 15/15
  9995 | D:12     | Reached skill level 1 in Dodging
 10048 | D:12     | Noticed a two-headed ogre
 10256 | D:12     | Noticed a boulder beetle
 10567 | Lair:1   | Entered Level 1 of the Lair of Beasts
 10711 | Lair:1   | Identified 2 scrolls of acquirement
 10712 | Lair:1   | Acquired a manual of Dodging
 10714 | Lair:1   | Acquired 880 gold pieces
 10784 | Lair:1   | Noticed a five-headed hydra
 10791 | Lair:1   | Killed a six-headed hydra
 10864 | Lair:1   | Noticed an eight-headed hydra
 10971 | Lair:1   | Slain by an 11-headed hydra

Illustrated notes

Levels and vault maps discovered:
D:1:      minmay_arrival_nine_rooms, layout_rooms
D:2:      layout_rooms, basic_altar, ebering_ecumenical_altar_box,
          minmay_fractal_squares_gapless_5, uniq_jessica
D:3:      layout_loops_corners
D:4:      layout_basic, ebering_dispersal_statue_hall,
          minmay_shop_enchanted_jewellery
D:5:      layout_basic, lemuel_round_altar, cheibrodos_sewer_entry_drain,
          minivault_23
D:6:      layout_loops_ring, grunt_temple_overflow_growth_and_decay,
          kennysheep_little_box, minmay_temple_entry_proselytizer
D:7:      layout_loops_ring, uniq_pikel
D:8:      layout_loops_cross, chequers_temple_overflow_statue_of_worship,
          david_lair_shrubbed, kennysheep_generic_room_8, uniq_prince_ribbit1
D:9:      layout_gridville, hiddenorc1_lemuel, blue_anna_alchemist, uniq_erolcha
D:10:     layout_roguey, serial_curves, eino_curves_02, eino_curves_01
D:11:     layout_basic
D:12:     layout_cave_pools
Lair:1:   beast_lair_carwin_large_2, layout_long_grid, serial_forest,
          infiniplex_forest_corner_2, infiniplex_forest_pool,
          infiniplex_forest_lined_ring, infiniplex_forest_clump_double,
          infiniplex_forest_straight_2, uniq_grum

Skill      XL: |  1  2  3  4  5  6  7  8  9 10 11 |
---------------+----------------------------------+-----
Long Blades    | 2 3 4 5 6 7 9 12 14 | 14.0
Stealth        | 1 2 |  2.1
Fighting       | 4 6 |  6.0
Invocations    | 6 8 |  8.3
Dodging        | 6 |  6.0
Armour         | |  2.6
Shields        | |  2.6

Action                   |  1- 3 |  4- 6 |  7- 9 | 10-12 || total
-------------------------+-------+-------+-------+-------++-------
Melee: Long sword        |    74 |   133 |   292 |   193 ||   692
       Headbutt          |     9 |    18 |    56 |    44 ||   127
       Flail             |       |       |       |     2 ||     2
Invok: Slouch            |       |       |       |     6 ||     6
Evoke: Wand              |       |       |       |     1 ||     1
  Use: Potion            |       |     1 |     3 |     1 ||     5
       Scroll            |       |       |       |    15 ||    15
 Stab: Sleeping          |     1 |     6 |     6 |     5 ||    18
       Confused          |       |       |       |     1 ||     1
Armor: Scale mail        |    44 |    47 |   125 |       ||   216
       Leather armour    |       |       |     1 |    31 ||    32
       Ring mail         |       |       |       |    21 ||    21
Dodge: Dodged            |    42 |    47 |   123 |   100 ||   312
       Repelled          |       |       |     1 |       ||     1
Block: Buckler           |    18 |    24 |   145 |    98 ||   285
       Reflection        |       |       |     6 |       ||     6
